 Dungeon Crawl Stone Soup version 0.29.0-4-gdea44cf6ec (webtiles) character file.

Game seed: 16797348802548179412

263 qw the Chopper (level 6, 0/38 HPs)
             Began as a Gargoyle Fighter on Sept 8, 2022.
             Slain by a white imp (5 damage)
             ... on level 5 of the Dungeon.
             The game lasted 00:01:06 (2527 turns).

qw the Chopper (Gargoyle Fighter)                   Turns: 2527, Time: 00:01:07

Health: 0/38       AC: 14    Str: 22    XL:     6   Next: 19%
Magic:  6/6        EV:  7    Int:  8    God:
Gold:   124        SH:  4    Dex:  9    Spells: 5/5 levels left

rFire   . . .      SeeInvis .   Y - +1 war axe
rCold   . . .      Faith    .   c - +0 buckler
rNeg    + . .      Spirit   .   g - +0 chain mail
rPois   inf        Reflect  .   (no helmet)
rElec   +          Harm     .   (no cloak)
rCorr   .          Rampage  .   f - +0 pair of gloves
Will    .....                   (no boots)
Stlth   ..........              (no amulet)
HPRegen 0.12/turn               (no ring)
MPRegen 0.10/turn               (no ring)

@: about to teleport
A: sickness immunity, AC +4, negative energy resistance 1, electricity
resistance, torment resistance 1, petrification resistance
a: no special abilities


You were on level 5 of the Dungeon.
You visited 1 branch of the dungeon, and saw 4 of its levels.

You collected 124 gold pieces.


Innate Abilities, Weirdness & Mutations

You are immune to sickness and miasma.
Your stone body is resilient. (AC +4)
You are immune to poison.
You resist negative energy. (rN+)
You are resistant to electric shocks. (rElec)
You are resistant to unholy torment.
You are immune to petrification.


   Skills:
 + Level 3.7 Fighting
 - Level 5.5 Axes
 - Level 3.2 Armour
 - Level 3.2 Shields


You had 5 spell levels left.
You didn't know any spells.
Your spell library was empty.

Inventory:

Hand Weapons
 h - a +1 mace of protection
 Y - a +1 war axe (weapon)
Armour
 b - a +0 plate armour
 c - a +0 buckler (worn)
 f - a +0 pair of gloves (worn)
 g - a +0 chain mail (worn)
Scrolls
 a - a scroll of identify {unknown}
 k - 2 scrolls of teleportation
Potions
 d - a potion of might
 e - a potion of curing
 i - a potion of lignification {unknown}
 l - a potion of flight {unknown}

Dungeon Overview and Level Annotations

Branches:
Dungeon (3/15)

Altars:


Message History

The orc is severely wounded.
You hit the orc but do no damage. You hit the orc.
You kill the orc!
You block the orc's attack. The orc hits you with a +0 dagger.
You slash the orc!
You kill the orc!
You closely miss the orc. You slash the orc!
You kill the orc!
The orc barely misses you.
You hit the orc wizard but do no damage.
You slash the orc wizard! You closely miss the orc.
The orc wizard barely misses you. The orc closely misses you.
You block the orc wizard's attack.
The orc priest invokes the aid of Beogh against you.
Beogh smites you!
2525 ||| READING 3 scrolls of teleportation.
As you read the scroll of teleportation, it crumbles to dust.
You feel strangely unstable.
The orc wizard hits you with a +0 dagger.
The orc barely misses you.
The white imp hits you but does no damage.
The orc wizard barely misses you.
2526 ||| DRINKING potion of heal wounds.
You feel much better. The white imp gestures at you.
The puff of frost hits you!
The orc wizard hits you but does no damage.
You hit the orc wizard but do no damage.
The orc wizard is severely wounded.
You hit the white imp. You hit the orc wizard. You completely miss the orc.
The orc hits you but does no damage.
The white imp hits you but does no damage.
The orc priest calls upon Beogh to heal the orc wizard.
The orc wizard's wounds heal themselves!
The orc wizard points at you and mumbles some strange words.
The puff of flame hits you!
The orc wizard hits you with a +0 dagger.
The orc hits you with a +0 short sword. The white imp hits you.
The white imp freezes you.
You die...

##. .... ##.% ... #..#
..## #######.## ####...
#.......# #......
######..)....# .......
...##......##
......5#####.##).....#
......o@o............#
.....oo##....##^.....#
#.....>##....##......#
#......##....##......#
##.......#....####.####
#.............## #.#
#..............#...#
#............!...###
#.....o.....#.##


You could see an orc priest, 2 orc wizards, a white imp and an orc.

Vanquished Creatures
  A phantom (D:5)
  An orc priest (D:5)
  Jessica (D:2)
  4 gnolls (D:5)
  3 adders
  A shadow imp (D:5)
  3 worms (D:2)
  A dart slug (D:1)
  4 orcs
  3 endoplasms
  4 giant cockroaches
  8 hobgoblins
  4 quokkas
  A ball python (D:3)
  3 bats
  A frilled lizard (D:1)
  7 kobolds
  3 rats
53 creatures vanquished.

Notes
Turn   | Place    | Note
-------+----------+-------------------------------------------
     0 | D:1      | qw the Gargoyle Fighter began the quest for the Orb.
     0 | D:1      | Reached XP level 1. HP: 14/14 MP: 1/1
     0 | D:1      | 0 ||| qw: Version: 0.1-a-112-g44dc6cd
     0 | D:1      | 0 ||| qw: Game counter: 6732
     0 | D:1      | 0 ||| qw: Always use a shield: true
     0 | D:1      | 0 ||| qw: God list: Okawaru
     0 | D:1      | 0 ||| qw: Allow faded altars: false
     0 | D:1      | 0 ||| qw: Do Orc after D:15 true
     0 | D:1      | 0 ||| qw: Do second Lair branch before Depths: true
     0 | D:1      | 0 ||| qw: Lair rune preference: random
     0 | D:1      | 0 ||| qw: Plans: Normal, Zot, God:TSO, Crypt, Tomb, Zig,
                  | Orb
     0 | D:1      | 0 ||| PLANNING D:1-11
    62 | D:1      | Reached skill level 2 in Axes
    66 | D:1      | 66 ||| DROPPING +0 mace.
   122 | D:1      | Reached XP level 2. HP: 19/19 MP: 2/2
   821 | D:1      | 821 ||| Stepping ~*~*~tactically~*~*~ (stealth).
   830 | D:1      | Reached skill level 3 in Axes
  1044 | D:1      | 1044 ||| READING scroll labelled MIT CARARAPLOD.
  1048 | D:1      | 1048 ||| READING scroll labelled YLACSE YRID.
  1049 | D:1      | 1049 ||| READING scroll labelled UNUNARPHYGE.
  1050 | D:1      | 1050 ||| READING scroll labelled JEACUR NUSUF.
  1051 | D:1      | 1051 ||| READING scroll labelled FOCULU VAIW.
  1052 | D:1      | 1052 ||| READING scroll labelled ZYVUS SI VIPP.
  1116 | D:2      | Reached XP level 3. HP: 23/23 MP: 3/3
  1383 | D:2      | Found a faded altar of an unknown god.
  1396 | D:2      | Noticed Jessica
  1397 | D:2      | 1397 ||| Stepping ~*~*~tactically~*~*~ (stealth).
  1403 | D:2      | Killed Jessica
  1404 | D:2      | Reached XP level 4. HP: 25/28 MP: 4/4
  1408 | D:2      | 1408 ||| FLEEEEING.
  1940 | D:2      | Reached skill level 4 in Axes
  2059 | D:2      | 2059 ||| UPGRADING to +0 pair of gloves.
  2064 | D:2      | 2064 ||| UPGRADING to +0 chain mail.
  2074 | D:2      | 2074 ||| DROPPING +0 scale mail.
  2075 | D:2      | 2075 ||| READING scroll labelled DATROYHENA.
  2076 | D:2      | 2076 ||| DRINKING 3 ruby potions.
  2077 | D:2      | 2077 ||| DRINKING 2 grey potions.
  2078 | D:2      | 2078 ||| DRINKING 2 blue potions.
  2079 | D:2      | 2079 ||| DROPPING 2 potions of brilliance.
  2092 | D:3      | 2092 ||| STAIRDANCE
  2100 | D:3      | 2100 ||| STAIRDANCE
  2310 | D:3      | You fall into a shaft and drop 2 floors!
  2310 | D:5      | Entered Level 5 of the Dungeon
  2331 | D:5      | 2331 ||| Stepping ~*~*~tactically~*~*~ (stealth).
  2332 | D:5      | 2332 ||| Stepping ~*~*~tactically~*~*~ (stealth).
  2335 | D:5      | Reached XP level 5. HP: 32/32 MP: 5/5
  2483 | D:5      | 2483 ||| Stepping ~*~*~tactically~*~*~ (stealth).
  2489 | D:5      | 2489 ||| Stepping ~*~*~tactically~*~*~ (hiding).
  2490 | D:5      | 2490 ||| Stepping ~*~*~tactically~*~*~ (hiding).
  2495 | D:5      | Noticed a phantom
  2514 | D:5      | 2514 ||| Stepping ~*~*~tactically~*~*~ (stealth).
  2515 | D:5      | 2515 ||| Stepping ~*~*~tactically~*~*~ (stealth).
  2516 | D:5      | Killed a phantom
  2517 | D:5      | Reached skill level 5 in Axes
  2517 | D:5      | Reached XP level 6. HP: 24/37 MP: 6/6
  2517 | D:5      | 2517 ||| Stepping ~*~*~tactically~*~*~ (hiding).
  2524 | D:5      | HP: 5/38 [orc priest/divine providence (16)]
  2525 | D:5      | 2525 ||| READING 3 scrolls of teleportation.
  2526 | D:5      | 2526 ||| DRINKING potion of heal wounds.
  2527 | D:5      | Slain by a white imp

Levels and vault maps discovered:
D:1:      dpeg_arrival_refuge, layout_basic
D:2:      cheibrodos_old_hovel, layout_loops_cross,
          ebering_ecumenical_altar_sacrificial, nicolae_wormholes, uniq_jessica
D:3:      layout_loops_ring
D:5:      minmay_general_purpose_star, layout_rooms, nzn_random_ring,
          uniq_menkaure

Skill      XL: |  1  2  3  4  5 |
---------------+----------------+-----
Axes           | 2 3 4 5 |  5.5
Fighting       | |  3.7
Armour         | |  3.2
Shields        | |  3.2

Action                   |  1- 3 |  4- 6 || total
-------------------------+-------+-------++-------
Melee: War axe           |    81 |    89 ||   170
  Use: Scroll            |     6 |     2 ||     8
       Potion            |       |     4 ||     4
Armor: Scale mail        |    33 |    12 ||    45
       Chain mail        |       |    30 ||    30
Dodge: Dodged            |    24 |    32 ||    56
Block: Buckler           |     8 |    16 ||    24

Table legend:
 A = Non-vault XP
 B = Vault XP
 C = Vault XP percentage of total XP
 D = Non-vault monster count
 E = Vault monster count
 F = Vault count percentage of total count
                 A         B        C        D         E       F
            +---------+---------+-------+---------+---------+-------
      Total |     328 |      49 |  13.0 |      49 |       4 |   7.5
            +---------+---------+-------+---------+---------+-------
        D:1 |      32 |       0 |   0.0 |      19 |       0 |   0.0
        D:2 |      35 |      49 |  58.3 |      12 |       4 |  25.0
        D:3 |      12 |       0 |   0.0 |       6 |       0 |   0.0
        D:5 |     249 |       0 |   0.0 |      12 |       0 |   0.0
            +---------+---------+-------+---------+---------+-------
